AoeStats
← Tanke88

Arabia

510650845Analyzed
1v1 RM · 2d ago on Oct 2, 2026· 48m 21s· 2 players
Game mode
Random Map
Map size
Tiny (2 player)
Population
200
Speed
Normal
Resources
Standard
Victory
Conquest
Starting age
Dark Age
Ending age
Imperial Age
RankedLock teamsTeams togetherTeam positionsShared explorationLock speedFull tech treeHidden civsTurbo modeCheats
Victory
Defeat
🇲🇽 Mongols · Mexico
806
+16
🇦🇷 Persians · Argentina
815
-16
Tanke88
5:42 Loom
10:03 Feudal Age
10:48 Double-Bit Axe
13:43 Horse Collar
15:03 Wheelbarrow
20:37 Castle Age
19:31 Stone Mining
20:14 Gold Mining
21:31 Bow Saw
23:53 Wheelbarrow
24:00 Gold Shaft Mining
24:12 Husbandry
24:22 Bloodlines
24:54 Forging
26:54 Fletching
27:17 Heavy Plow
30:51 Hand Cart
30:35 Bodkin Arrow
30:48 Scale Barding Armor
40:52 Imperial Age
41:02 Iron Casting
40:51 Town Watch
41:59 Elite Steppe Lancer
44:11 Iron Casting
44:33 Conscription
46:54 Stone Shaft Mining
46:55 Bracer
47:57 Blast Furnace
Adr1CKs
6:07 Loom
8:51 Feudal Age
9:14 Double-Bit Axe
20:09 Castle Age
18:54 Bloodlines
19:15 Scale Barding Armor
19:01 Horse Collar
21:01 Bow Saw
22:06 Gold Mining
25:43 Wheelbarrow
26:31 Husbandry
26:41 Stone Mining
27:17 Forging
28:36 Chain Barding Armor
29:53 Iron Casting
30:18 Fletching
30:50 Hand Cart
31:21 Bodkin Arrow
36:32 Imperial Age
38:03 Conscription
42:43 Two-Man Saw
43:26 Gold Shaft Mining
42:39 Light Cavalry
43:59 Hussar
Connection lost

Rejoining the realm…

Still unreachable

The connection could not be restored.

Session expired

The server has moved on; the page needs a fresh start.